 Dungeon Crawl Stone Soup version 0.21.1-1-g345015f (webtiles) character file.

72 Sharkov the Sneak (level 4, -1/30 HPs)
             Began as a Halfling Assassin on Mar 30, 2018.
             Slain by a gnoll (5 damage)
             ... on level 2 of the Dungeon.
             The game lasted 00:03:20 (1114 turns).

Sharkov the Sneak (Halfling Assassin)               Turns: 1114, Time: 00:03:20

Health: -1/30      AC:  4    Str: 10 (12) XL:     4   Next: 48%
Magic:  4/4        EV: 14    Int:  7 (9)  God:
Gold:   25         SH:  0    Dex: 13 (16) Spells: 3/3 levels left

rFire    . . .     SeeInvis .   a - +2 dagger
rCold    . . .     Gourm    .   (shield restricted)
rNeg     . . .     Faith    .   c - +0 robe
rPois    .         Spirit   .   (no helmet)
rElec    .         Reflect  .   d - +0 cloak
rCorr    .         Harm     .   (no gloves)
MR       .....                  e - +0 pair of boots
Stlth    +++.......             (no amulet)
HPRegen  0.10/turn              (no ring)
MPRegen  0.09/turn              (no ring)

@: no status effects
A: small, mutation resistance 1
a: no special abilities


You were on level 2 of the Dungeon.
You were hungry.

You visited 1 branch of the dungeon, and saw 2 of its levels.

You collected 25 gold pieces.

Inventory:

Hand Weapons
 a - a +2 dagger (weapon)
 b - a +0 blowgun
 l - a +0 hunting sling
Missiles
 f - 2 curare-tipped needles
 i - 60 stones (quivered)
 p - 8 poisoned needles
Armour
 c - a +0 robe (worn)
 d - a +0 cloak (worn)
 e - a +0 pair of boots (worn)
 m - a +0 leather armour
Scrolls
 n - a scroll of enchant weapon
Comestibles
 g - 2 rations


   Skills:
 - Level 2.3 Fighting
 - Level 4.2 Short Blades
 + Level 2.4(3.2) Slings
 - Level 2.0(2.3) Throwing
 - Level 1.1 Dodging
 - Level 4.3 Stealth


You had 3 spell levels left.
You didn't know any spells.

Dungeon Overview and Level Annotations

Branches:
Dungeon (2/15)

Altars:
Elyvilon
The Shining One


Innate Abilities, Weirdness & Mutations

You are small and have problems with some larger weapons.
You are somewhat resistant to further mutation.


Message History

A gnoll comes into view. It is wielding a whip.
The gnoll shouts!
A kobold comes into view. It is wielding a trident.
A gnoll comes into view. It is wielding a club.
The kobold moves out of view.
As you read the scroll labeled ORHEONEOSS, it crumbles to dust.
It is a scroll of identify.
n - a scroll of enchant weapon The gnoll hits you with a whip.
The gnoll hits you with a whip.
* * * LOW HITPOINT WARNING * * *
The gnoll hits you but does no damage. The gnoll misses you.
You are feeling hungry.
The gnoll hits you with a club.
* * * LOW HITPOINT WARNING * * *
The gnoll shouts!
There is a stone staircase leading up here.
The kobold shouts!
You hear a shout!
The gnoll closely misses you. The gnoll hits you.
You die...

...........).......(..##
....########...........####
...........................
...........#..####......###
...........#..####......#
.............?g.##......#
...............g........#
.#....##.......g....(.....
........<......g@..#(##.#.#
.#'#.######)...g##.#(# .#..
......#.......... .#
.............+###g #
.............+
.............#..
.................##
.........#........
##...............#


You could see 5 gnolls.

Vanquished Creatures
  An iguana (D:2)
  A gnoll (D:2)
  2 adders (D:2)
  A worm (D:2)
  2 bats (D:2)
  A giant cockroach (D:1)
  A goblin (D:2)
  2 hobgoblins (D:2)
  2 jackals (D:2)
  2 kobolds
  2 frilled lizards (D:2)
17 creatures vanquished.

Notes
Turn   | Place    | Note
-------+----------+-------------------------------------------
     0 | D:1      | Sharkov the Halfling Assassin began the quest for the Orb.
     0 | D:1      | Reached XP level 1. HP: 14/14 MP: 1/1
   179 | D:2      | Noticed an iguana
   180 | D:2      | Killed an iguana
   180 | D:2      | Reached XP level 2. HP: 17/19 MP: 2/2
   180 | D:2      | Reached XP level 3. HP: 22/24 MP: 3/3
   386 | D:2      | Found a white marble altar of Elyvilon.
   670 | D:2      | Reached skill level 1 in Slings
   670 | D:2      | Reached XP level 4. HP: 19/30 MP: 4/4
   779 | D:2      | Found a glowing golden altar of the Shining One.
  1114 | D:2      | Slain by a gnoll

Skill      XL: |  1  2  3  4 |
---------------+-------------+-----
Short Blades   | 4 |  4.2
Fighting       | 2 |  2.3
Slings         | 1 2 |  2.4
Throwing       | |  2.0
Dodging        | |  1.1
Stealth        | |  4.3

Action                   |  1- 3 |  4- 6 || total
-------------------------+-------+-------++-------
Melee: Dagger            |    23 |       ||    23
 Fire: Hunting sling     |    17 |    23 ||    40
       Blowgun           |     8 |     3 ||    11
  Use: Scroll            |       |     2 ||     2
       Potion            |       |     2 ||     2
 Stab: Sleeping          |     2 |       ||     2
Armor: Robe              |     6 |     8 ||    14
Dodge: Dodged            |    21 |    15 ||    36
